 Dungeon Crawl Stone Soup version 0.28.0-53-g5a82cb258f (console) character file.

Game seed: 7972884019493466630

137 erker the Sneak (level 5, -5/31 HPs)
             Began as an Octopode Earth Elementalist on July 14, 2022.
             Slain by an orc priest
             ... wielding a +0 flail of protection
              (10 damage)
             ... on level 4 of the Dungeon.
             The game lasted 00:09:31 (2473 turns).

erker the Sneak (Octopode Earth Elementalist)       Turns: 2473, Time: 00:09:31

Health: -5/31      AC:  1    Str:  8    XL:     5   Next: 20%
Magic:  7/8        EV: 12    Int: 19    God:
Gold:   68         SH:  3    Dex: 12    Spells: 5/8 levels left

rFire   . . .      SeeInvis .   a - +4 dagger
rCold   . . .      Faith    .   d - +0 buckler
rNeg    . . .      Spirit   .   (helmet restricted)
rPois   .          Reflect  .   (no amulet)
rElec   .          Harm     .   (no ring)
rCorr   .          Rampage  .   (no ring)
Will    .....                   (no ring)
Stlth   +++.......              (no ring)
HPRegen 0.10/turn               (no ring)
MPRegen 0.11/turn               (no ring)
                                (no ring)
                                (no ring)

@: no status effects
A: almost no armour, amphibious, 8 rings, camouflage 1, gelatinous body 1,
(nimble swimmer 1), tentacles
a: no special abilities


You were on level 4 of the Dungeon.
You visited 1 branch of the dungeon, and saw 4 of its levels.

You collected 68 gold pieces.

Inventory:

Hand Weapons
 a - a +4 dagger (weapon)
 b - a +1 dagger of flaming
 n - a +0 dagger
Missiles
 m - 45 stones
Armour
 d - a +0 buckler (worn)
Scrolls
 c - a scroll of silence {unknown}
 h - 2 scrolls of enchant weapon {unknown}
 i - a scroll of immolation {unknown}
 k - a scroll of fear {unknown}
 l - a scroll of teleportation {unknown}
 o - a scroll of acquirement {unknown}
 p - 3 scrolls of identify {unknown}
Potions
 e - a potion of ambrosia {unknown}
 f - 3 potions of curing {unknown}
 g - 2 potions of degeneration {unknown}
 j - a potion of attraction {unknown}
 q - 2 potions of cancellation {unknown}
 r - a potion of haste {unknown}


   Skills:
 - Level 2.0 Short Blades
 - Level 2.0 Dodging
 - Level 4.0 Stealth
 - Level 2.0 Spellcasting
 + Level 2.7 Transmutations
 - Level 4.0 Earth Magic


You had 5 spell levels left.
You knew the following spells:

 Your Spells              Type           Power      Damage    Failure   Level
a - Sandblast             Erth           34%        2d9       4%          1
w - Passwall              Tmut/Erth      11%        N/A       9%          2

Your spell library contained the following spells:

 Spells                   Type           Power      Damage    Failure   Level
 Stone Arrow              Conj/Erth      18%        3d8       30%         3
 Petrify                  Tmut/Erth      14%        N/A       50%         4


Dungeon Overview and Level Annotations

Branches:
Dungeon (4/15)
 Temple: D:4-7

Altars:
The Shining One

Annotations:
D:2 1 runed translucent door, Crazy Yiuf
D:3 Terence


Innate Abilities, Weirdness & Mutations

You cannot wear most types of armour.
You are amphibious.
You can wear up to eight rings at the same time.
Your skin changes colour to match your surroundings (Stealth+).
Your rubbery body absorbs attacks. (AC +1, EV +1)
((You are camouflaged when in or above water. (Stealth+)))
You have tentacles for arms and can constrict up to eight enemies at once.


Message History

You kill the orc!
Things that are here:
a +0 trident; an orc corpse An orc priest comes into view.
It is wielding a +0 falchion.
You hear the slow rusting of a drain nearby.
Casting: Sandblast (safe; 4% risk of failure)
Confirm with . or Enter, or press ? or * to list all spells.
Aiming: Passwall (safe; 9% risk of failure)
Press: ? - help, Dir - move target A rock wall.
You begin to meditate on the wall.
You continue meditating on the rock. x3
You finish merging with the rock.
An orc priest and an orc come into view.
The orc priest is wielding a +0 flail of protection.
The orc priest calls down the wrath of Beogh upon you.
Beogh smites you!
Casting: Passwall (safe; 9% risk of failure)
Confirm with . or Enter, or press ? or * to list all spells.
Aiming: Sandblast (safe; 4% risk of failure)
Press: ? - help, Shift-Dir - straight line, f - orc priest
Aim: an orc priest, wielding a +0 flail of protection (79% to hit)
The blast of sand hits the orc priest.
The orc priest is lightly wounded.
You hit the orc priest but do no damage.
You grab the orc priest.
The orc priest is lightly wounded.
You constrict the orc priest, but do no damage.
The orc priest hits you with a +0 flail of protection.
* * * LOW HITPOINT WARNING * * *
You hit the orc priest. You squeeze the orc priest.
The orc priest is heavily wounded.
You constrict the orc priest, but do no damage.
The orc priest hits you with a +0 flail of protection.
* * * LOW HITPOINT WARNING * * *
You hit the orc priest.
You squeeze the orc priest, but do no damage.
The orc priest is heavily wounded.
You constrict the orc priest, but do no damage.
The orc priest hits you with a +0 flail of protection!
You die...

...
.####.####....####.....
.................##
#####.
.....#o.#..#######
#.... ........##.#
#.### #.##.# #...#
#.##.# ###.# #.##.# #..
#.##.# ##. #.##@# #...
#..o.# #.#. #.#### #.#.
### # #. ##


You could see an orc priest.

Vanquished Creatures
  A jelly (D:2)
  Robin (D:3)
  An adder (D:3)
  A white imp (D:3)
  2 worms (D:3)
  2 dart slugs (D:1)
  4 orcs
  3 bats
  An endoplasm (D:2)
  A giant cockroach (D:1)
  13 goblins
  9 hobgoblins
  5 kobolds
  4 quokkas
  4 ball pythons
  2 frilled lizards
  A goblin zombie (D:3)
  A hobgoblin zombie (D:3)
  2 kobold skeletons (D:3)
  3 kobold zombies (D:3)
  An orc skeleton (D:3)
  An orc zombie (D:3)
  2 rats
65 creatures vanquished.

Notes
Turn   | Place    | Note
-------+----------+-------------------------------------------
     0 | D:1      | erker the Octopode Earth Elementalist began the quest for
                  | the Orb.
     0 | D:1      | Reached XP level 1. HP: 11/11 MP: 3/3
   144 | D:1      | Reached XP level 2. HP: 17/17 MP: 3/5
   147 | D:1      | Learned a level 2 spell: Passwall
   283 | D:1      | Found a faded altar of an unknown god.
   493 | D:1      | Reached skill level 1 in Short Blades
   626 | D:1      | Reached XP level 3. HP: 21/21 MP: 6/6
   931 | D:2      | Reached XP level 4. HP: 27/27 MP: 3/7
  1281 | D:2      | Found a runed translucent door.
  1282 | D:2      | Noticed Crazy Yiuf
  1784 | D:3      | Found a glowing golden altar of the Shining One.
  1936 | D:3      | Noticed Robin
  2071 | D:3      | Noticed Terence
  2167 | D:3      | Reached XP level 5. HP: 23/31 MP: 6/8
  2171 | D:3      | Killed Robin
  2473 | D:4      | Slain by an orc priest

Illustrated notes

Levels and vault maps discovered:
D:1:      dpeg_arrival_round_b, layout_loops_ring,
          chequers_ecumenical_altar_simple_redux
D:2:      layout_basic, uniq_crazy_yiuf_cottage
D:3:      layout_basic, nicolae_tso_besieged_by_evil, uniq_robin, uniq_terence
D:4:      layout_basic, grunt_ashenzari_visionary
          [grunt_ashenzari_visionary_shoals, grunt_ashenzari_visionary_spider],
          gup_sewer_entry_pipe

Skill      XL: |  1  2  3  4 |
---------------+-------------+-----
Stealth        | 3 4 |  4.0
Short Blades   | 1 2 |  2.0
Earth Magic    | 4 |  4.0
Transmutations | 2 |  2.7
Dodging        | |  2.0
Spellcasting   | |  2.0

Action                   |  1- 3 |  4- 6 || total
-------------------------+-------+-------++-------
Melee: Unarmed           |     6 |       ||     6
       Constrict         |     6 |    19 ||    25
       Tentacles         |     5 |    20 ||    25
       Dagger            |    20 |    57 ||    77
 Cast: Sandblast         |    15 |    21 ||    36
       Passwall          |       |     4 ||     4
 Stab: Sleeping          |     6 |     5 ||    11
       Distracted        |       |     1 ||     1
Armor: Skin              |     6 |     4 ||    10
Dodge: Dodged            |    16 |    21 ||    37
Block: Buckler           |     2 |     4 ||     6
